 Dungeon Crawl Stone Soup version 0.29-a0-22-gbf593b16ee (webtiles) character file.

Game seed: 15472185215062130699

3 Armakuni the Grasshopper (level 1, -1/15 HPs)
             Began as a Human Wanderer on Jan 29, 2022.
             Slain by a jackal (2 damage)
             ... on level 1 of the Dungeon.
             The game lasted 00:02:38 (146 turns).

Armakuni the Grasshopper (Human Wanderer)            Turns: 146, Time: 00:02:39

Health: -1/15      AC:  3    Str: 10    XL:     1   Next: 55%
Magic:  3/3        EV: 12    Int: 10    God:
Gold:   10         SH:  0    Dex: 16    Spells: 4/4 levels left

rFire   . . .      SeeInvis .   a - staff of earth
rCold   . . .      Faith    .   (no shield)
rNeg    . . .      Spirit   .   d - +0 robe
rPois   .          Reflect  .   (no helmet)
rElec   .          Harm     .   c - +0 cloak
rCorr   .          Rampage  .   (no gloves)
Will    .....                   (no boots)
Stlth   +.........              (no amulet)
HPRegen 0.05/turn               (no ring)
MPRegen 0.08/turn               (no ring)

@: no status effects
A: no striking features
a: no special abilities


You were on level 1 of the Dungeon.
You visited 1 branch of the dungeon, and saw 1 of its levels.

You collected 10 gold pieces.

Inventory:

Armour
 c - a +0 cloak (worn)
 d - a +0 robe (worn)
Magical Staves
 a - a staff of earth (weapon)


   Skills:
 + Level 1.2 Fighting
 + Level 0.5 Staves
 - Level 2.0 Dodging
 - Level 2.0 Spellcasting
 - Level 1.0 Conjurations
 - Level 4.0 Translocations


You had 4 spell levels left.
You didn't know any spells.
Your spell library contained the following spells:

 Spells                   Type           Power      Damage    Failure   Level
 Apportation              Tloc           18%        N/A       6%          1
 Blink                    Tloc           18%        N/A       9%          2
 Lesser Beckoning         Tloc           9%         N/A       19%         3
 Shock                    Conj/Air       8%         1d3       26%         1
 Dazzling Flash           Conj/Hex       4%         N/A       58%         3


Dungeon Overview and Level Annotations

Branches:
Dungeon (1/15)

Altars:


Message History

You kill the jackal!
The jackal bites you.
Found a coppery potion.
The bat hits you but does no damage. The jackal bites you.
A kobold comes into view. It is wielding a +0 short sword.
The kobold shouts!
You hear a bark!
The bat misses you.
The kobold throws a stone.
The stone closely misses you. The bat hits you.
The kobold throws a stone.
The stone closely misses you.
The stone hits the jackal but does no damage.
The jackal barely misses you.
You aren't carrying any scrolls.
You aren't carrying any potions.
The kobold hits you but does no damage.
A jackal comes into view.
The kobold hits you with a +0 short sword.
The jackal bites you.
The jackal moves out of view.
The kobold hits you with a +0 short sword.
Found 25 arrows.
A jackal comes into view.
You aren't carrying any scrolls.
You miss the jackal.
The jackal barks!
The jackal closely misses you.
The jackal bites you but does no damage.
The jackal bites you but does no damage.
You aren't carrying any potions.
You aren't carrying any scrolls.
You aren't carrying any items that you can evoke.
You hit the jackal but do no damage. The jackal bites you. x2
The jackal closely misses you.
You barely miss the jackal. The jackal barely misses you.
The jackal misses you.
You hit the jackal but do no damage. The jackal misses you.
The jackal bites you.
* * * LOW HITPOINT WARNING * * *
The jackal bites you.
* * * LOW HITPOINT WARNING * * *
The jackal barely misses you.
You hit the jackal but do no damage. The jackal bites you.
You die...

#. .# .# #. ..
#(. ## .#..
.## ...# ..##
#h. ..##. #h#
..##.# #@#
.###..##
####h# #'#
#!..#####K.Kb#
..#
#.(..g.h####
.## #...#####
.### ##..#
...#####..#
...#..)..g#
......>.#.#


You could see 3 jackals, a bat and a kobold.

Vanquished Creatures
  A ball python (D:1)
  A jackal (D:1)
  A frilled lizard (D:1)
3 creatures vanquished.

Notes
Turn   | Place    | Note
-------+----------+-------------------------------------------
     0 | D:1      | Armakuni the Human Wanderer began the quest for the Orb.
     0 | D:1      | Armakuni set off with the following items: a +0 dagger, a
                  | +0 robe, a +0 cloak; and the following spells available to
                  | memorise: Apportation, Blink, Lesser Beckoning, Shock,
                  | Dazzling Flash
     0 | D:1      | Reached XP level 1. HP: 15/15 MP: 3/3
   146 | D:1      | Slain by a jackal

Illustrated notes

Levels and vault maps discovered:
D:1:      noname_arrival_rooms_in_the_neighbourhood, layout_rooms, minivault_27

Action                   || total
-------------------------++-------
Melee: Staff             ||    15
  Use: Scroll            ||     1
Armor: Robe              ||     7
Dodge: Dodged            ||    17

Table legend: (Time is in decaauts)
 A = Elapsed time spent in this place.
 B = Non-inter-level travel time spent in this place.
 C = Inter-level travel time spent in this place.
 D = Time resting spent in this place.
 E = Time spent auto-exploring this place.
 F = Levels seen in this place.
 G = Mean time per level.
                   A        B        C        D        E       F      G
               +--------+--------+--------+--------+--------+-----+--------+
         Total |    148 |    148 |      0 |     39 |     14 |   1 |  148.0 |
       Dungeon |    148 |    148 |      0 |     39 |     14 |   1 |  148.0 |
               +--------+--------+--------+--------+--------+-----+--------+

Top non-repeatable levels by time:
     D:1: 148 daAuts
